 Dungeon Crawl Stone Soup version 0.30.1-9-gdf580d7c3d (webtiles) character file.

Game seed: 14726477779311399278

82 Kranky the Caller (level 4, -3/34 HPs)
             Began as a Gnoll Wanderer on Oct 26, 2023.
             Splashed by a jelly's acid (7 damage)
             ... on level 3 of the Dungeon.
             The game lasted 00:05:09 (2538 turns).

Kranky the Caller (Gnoll Wanderer)                  Turns: 2538, Time: 00:05:10

Health: -3/34      AC: -4    Str: 11    XL:     4   Next: 43%
Magic:  11/11      EV: 11    Int: 16    God:
Gold:   78         SH:  0    Dex:  9    Spells: 12/13 levels left

rFire   . . .        l - +0 war axe
rCold   . . .        (no shield)
rNeg    . . .        d - +0 robe
rPois   .            j - +0 helmet
rElec   .            (no cloak)
rCorr   .            (no gloves)
SInv    .            (no boots)
Will    .....        (no amulet)
Stlth   ++           (no ring)
HPRegen 0.25/turn    (no ring)
MPRegen 0.12/turn

%: no passive effects
@: corroded
A: fangs 1, strong nose, distributed training
a: no special abilities


You were on level 3 of the Dungeon.
You visited 1 branch of the dungeon, and saw 3 of its levels.

You collected 78 gold pieces.

Inventory:

Hand Weapons
 a - a +0 dagger
 l - a +0 war axe (weapon)
Armour
 d - a +0 robe (worn)
 j - a +0 helmet (worn)
Scrolls
 f - 4 scrolls of identify {unknown}
 g - a scroll of fog {unknown}
 h - a scroll of brand weapon {unknown}
 k - a scroll of teleportation {unknown}
 m - a scroll of enchant weapon {unknown}
Potions
 b - a potion of lignification
 c - a potion of heal wounds
 e - 3 potions of attraction
 i - 2 potions of ambrosia {unknown}
 n - a potion of might {unknown}
 o - a potion of curing {unknown}


   Skills:
 + Level 2.8 Fighting
 + Level 1.2 Short Blades
 + Level 1.2 Long Blades
 + Level 1.2 Axes
 + Level 1.2 Maces & Flails
 + Level 1.2 Polearms
 + Level 1.2 Staves
 + Level 1.2 Ranged Weapons
 + Level 1.2 Throwing
 + Level 1.2 Armour
 + Level 1.2 Dodging
 + Level 2.6 Stealth
 + Level 1.2 Shields
 + Level 1.2 Unarmed Combat
 + Level 5.1 Spellcasting
 + Level 1.0 Conjurations
 + Level 1.0 Hexes
 + Level 7.1 Summonings
 + Level 1.0 Necromancy
 + Level 1.0 Translocations
 + Level 1.0 Transmutations
 + Level 1.0 Fire Magic
 + Level 1.0 Ice Magic
 + Level 1.0 Air Magic
 + Level 1.0 Earth Magic
 + Level 1.0 Poison Magic
 + Level 2.9 Invocations
 + Level 2.8 Evocations


You had 12 spell levels left.
You knew the following spells:

 Your Spells              Type           Power      Damage    Failure   Level
a - Summon Small Mammal   Summ           100%       N/A       1%          1

Your spell library contained the following spells:

 Spells                   Type           Power      Damage    Failure   Level
 Call Canine Familiar     Summ           27%        N/A       2%          3
 Summon Guardian Golem    Hex/Summ       17%        N/A       9%          3
 Summon Lightning Spire   Summ/Air       17%        N/A       28%         4


Dungeon Overview and Level Annotations

Branches:
Dungeon (3/15)

Altars:


Innate Abilities, Weirdness & Mutations

You have very sharp teeth.
Your uncanny sense of smell can sniff out nearby items.
Your experience applies equally to all skills.


Message History

The ball python barely misses you.
You barely miss the ball python. The ball python completely misses you.
The ball python grabs you. The ball python constricts you.
The ball python bites you. The ball python constricts you.
You closely miss the ball python.
The ball python bites you but does no damage.
The ball python constricts you. The ball python bites you.
The ball python constricts you.
You hit the ball python but do no damage.
The ball python closely misses you. The ball python constricts you.
The ball python closely misses you. The ball python constricts you.
You barely miss the ball python. The ball python completely misses you.
The ball python constricts you.
You barely miss the ball python. Your bite misses the ball python.
The ball python bites you. The ball python constricts you.
The ball python bites you. The ball python constricts you.
You closely miss the ball python. The ball python barely misses you.
The ball python constricts you. The ball python closely misses you.
The ball python constricts you.
You hit the ball python.
You kill the ball python!
You see here a +0 flail of holy wrath.
As you open the door, it creaks loudly!
Found a stone staircase leading down.
o - a murky purple potion A jelly comes into view.
You see here 4 gold pieces.
The jelly quivers.
The jelly hits you.
You are splashed with acid!
You hit the jelly.
Your hands burn!
The jelly is lightly wounded.
The jelly barely misses you.
You slash the jelly! The acid corrodes you!
Your hands burn!
The jelly is severely wounded.
The jelly hits you.
You are splashed with acid!
* * * LOW HITPOINT WARNING * * *
The jelly hits you.
* * * LOW HITPOINT WARNING * * *
The acid corrodes you!
You are splashed with acid!
You die...

#### ... ..# #.#
#.# #.# #. #J# #.#
#.# #@# #.#
#.####.# #.#
#.##.#.# #.#
#.##.#$# #.#
#.#....#
###.#######.#.####
........#........#
.....##.#.#....#.#
.....'..#.#......#


You could see a jelly.

Vanquished Creatures
  2 adders (D:3)
  A worm (D:2)
  3 endoplasms
  A hobgoblin (D:1)
  5 jackals
  2 ball pythons
  2 bats
  3 frilled lizards
  2 kobolds
  2 rats (D:3)
23 creatures vanquished.

Vanquished Creatures (collateral kills)
  An adder (D:2)
  A worm (D:2)
  2 bats (D:1)
  3 endoplasms
  3 goblins
  2 hobgoblins
  5 jackals
  2 kobolds
  A quokka (D:1)
  2 ball pythons
  A frilled lizard (D:1)
23 creatures vanquished.

Grand Total: 46 creatures vanquished

Notes
Turn   | Place    | Note
-------+----------+-------------------------------------------
     0 | D:1      | Kranky the Gnoll Wanderer began the quest for the Orb.
     0 | D:1      | Kranky set off with the following items: a +0 dagger, a
                  | potion of lignification, a potion of heal wounds, a +0
                  | robe, a potion of attraction; and the following spell
                  | memorised: Summon Small Mammal; and the following spells
                  | available to memorise: Summon Guardian Golem, Summon
                  | Lightning Spire.
     0 | D:1      | Reached XP level 1. HP: 17/17 MP: 6/6
     4 | D:1      | Noticed an electric eel
   251 | D:1      | Reached XP level 2. HP: 20/23 MP: 3/7
   936 | D:1      | Reached skill level 5 in Spellcasting
   936 | D:1      | Reached XP level 3. HP: 28/28 MP: 6/9
  1352 | D:2      | Reached skill level 1 in Short Blades
  1352 | D:2      | Reached skill level 1 in Long Blades
  1352 | D:2      | Reached skill level 1 in Axes
  1352 | D:2      | Reached skill level 1 in Maces & Flails
  1352 | D:2      | Reached skill level 1 in Polearms
  1352 | D:2      | Reached skill level 1 in Staves
  1352 | D:2      | Reached skill level 1 in Ranged Weapons
  1352 | D:2      | Reached skill level 1 in Throwing
  1352 | D:2      | Reached skill level 1 in Armour
  1352 | D:2      | Reached skill level 1 in Dodging
  1352 | D:2      | Reached skill level 1 in Shields
  1352 | D:2      | Reached skill level 1 in Unarmed Combat
  2257 | D:3      | Reached XP level 4. HP: 28/34 MP: 7/11
  2307 | D:3      | Reached skill level 1 in Conjurations
  2307 | D:3      | Reached skill level 1 in Hexes
  2307 | D:3      | Reached skill level 1 in Necromancy
  2307 | D:3      | Reached skill level 1 in Translocations
  2307 | D:3      | Reached skill level 1 in Transmutations
  2307 | D:3      | Reached skill level 1 in Fire Magic
  2307 | D:3      | Reached skill level 1 in Ice Magic
  2307 | D:3      | Reached skill level 1 in Air Magic
  2307 | D:3      | Reached skill level 1 in Earth Magic
  2307 | D:3      | Reached skill level 1 in Poison Magic
  2538 | D:3      | Splashed by a jelly's acid

Illustrated notes

Levels and vault maps discovered:
D:1:      arrival_aquarium_a, layout_basic
D:2:      layout_loops_ring
D:3:      layout_basic, nicolae_hepliaklqana_monster_ancestors,
          amethyst_killhole

Skill      XL: |  1  2  3  4 |
---------------+-------------+-----
Spellcasting   | 5 |  5.1
Short Blades   | 1 |  1.2
Long Blades    | 1 |  1.2
Axes           | 1 |  1.2
Maces & Flails | 1 |  1.2
Polearms       | 1 |  1.2
Staves         | 1 |  1.2
Ranged Weapons | 1 |  1.2
Throwing       | 1 |  1.2
Armour         | 1 |  1.2
Dodging        | 1 |  1.2
Shields        | 1 |  1.2
Unarmed Combat | 1 |  1.2
Conjurations   | 1 |  1.0
Hexes          | 1 |  1.0
Necromancy     | 1 |  1.0
Translocations | 1 |  1.0
Transmutations | 1 |  1.0
Fire Magic     | 1 |  1.0
Ice Magic      | 1 |  1.0
Air Magic      | 1 |  1.0
Earth Magic    | 1 |  1.0
Poison Magic   | 1 |  1.0
Fighting       | |  2.8
Stealth        | |  2.6
Summonings     | |  7.1
Invocations    | |  2.9
Evocations     | |  2.8

Action                     |  1- 3 |  4- 6 || total
---------------------------+-------+-------++-------
  Melee: Dagger            |    53 |       ||    53
         Bite              |     8 |       ||     8
         War axe           |    36 |    25 ||    61
         Punch             |     1 |       ||     1
   Cast: Summon Small Mamm |    33 |     2 ||    35
   Stab: Sleeping          |     2 |       ||     2
         Distracted        |     1 |       ||     1
 Armour: Robe              |    26 |    16 ||    42
  Dodge: Dodged            |    75 |    39 ||   114
